 Dungeon Crawl Stone Soup version 0.16.0-12-g7215832 (webtiles) character file.

1218 Zugr the Skirmisher (level 8, 0/53 HPs)
             Began as a Gargoyle Berserker on Mar 18, 2015.
             Was a Priest of Trog.
             Killed by divine providence
             ... invoked by an orc priest
              (11 damage)
             ... on level 5 of the Dungeon.
             The game lasted 00:24:15 (5628 turns).

Zugr the Skirmisher (Gargoyle Berserker)            Turns: 5628, Time: 00:24:15

Health: 0/53       AC: 20    Str: 20    XL:     8   Next: 46%
Magic:  8/8        EV: 10    Int:  9    God:    Trog [***...]
Gold:   160        SH:  0    Dex: 11    Spells: 0 memorised, 7 levels left

rFire  + . .     SeeInvis .     a - +1 hand axe
rCold  . . .     Clarity  .     C - +2 scale mail {rPois}
rNeg   + . .     SustAb   .     (no shield)
rPois  ∞         Gourm    .     t - +1 helmet
rElec  +         Spirit   .     (no cloak)
rCorr  .         Warding  .     (no gloves)
rMut   .         Stasis   .     A - +2 pair of boots
MR     +....                    (no amulet)
Stlth  ..........               B - ring of protection from fire
                                o - ring of protection from magic

@: exhausted, slowed, very slow, somewhat resistant to hostile enchantments,
extremely unstealthy
A: negative energy resistance 1, electricity resistance, unbreathing,
petrification resistance, rot immunity, AC +5
a: Burn Spellbooks, Berserk, Trog's Hand, Renounce Religion


You were on level 5 of the Dungeon.
You worshipped Trog.
Trog was most pleased with you.
You were not hungry.

You visited 2 branches of the dungeon, and saw 6 of its levels.
You also visited: Ossuary.

You collected 160 gold pieces.

Inventory:

Hand weapons
 a - a +1 hand axe (weapon)
Armour
 t - a +1 helmet (worn)
 A - a +2 pair of boots (worn)
 C - a +2 scale mail of poison resistance (worn)
Jewellery
 o - a ring of protection from magic (left hand)
 s - an uncursed ring of protection from cold
 B - a ring of protection from fire (right hand)
Magical devices
 x - a wand of hasting (4)
 y - a wand of magic darts (11)
Scrolls
 e - 4 scrolls of identify
 h - 2 scrolls of teleportation
 j - 2 scrolls of enchant weapon
 n - a scroll of blinking {unknown}
 r - 3 scrolls of remove curse
 w - a scroll of magic mapping {unknown}
Potions
 d - 4 potions of brilliance
 g - 6 potions of curing
 k - 4 potions of invisibility
 l - a potion of haste {unknown}
 m - 2 potions of flight
 p - a potion of degeneration {unknown}
 q - 3 potions of poison {unknown}
 v - a potion of might {unknown}
 z - 2 potions of mutation {unknown}
Comestibles
 b - 7 fruits
 c - 3 bread rations
 f - 3 beef jerkies


   Skills:
 + Level 7.0 Fighting
 + Level 5.8 Axes
 + Level 6.6 Armour
 - Level 1.5 Dodging


You had 7 spell levels left.
You didn't know any spells.

Dungeon Overview and Level Annotations

Branches:
Dungeon (5/15)             Temple (1/1) D:5

Altars:
Dithmenos
Elyvilon
Fedhas
Nemelex Xobeh
Okawaru
Qazlal
Sif Muna
Trog
Vehumet
Yredelemnul


Innate Abilities, Weirdness & Mutations

You are resistant to torment.
You are immune to poison.
Your stone body is very resilient (AC +5).
You resist negative energy.
You are resistant to electric shocks.
You can survive without breathing.
You are immune to petrification.
You are immune to rotting.


Message History

The slave hits you but does no damage. The adder bites you but does no damage.
The slave hits you but does no damage. x2
The adder bites you.
You can move again.
An orc comes into view. It is wielding a short sword.
A slave comes into view.
The slave shouts!
The slave closely misses you. The adder barely misses you. The slave hits you.
The slave hits you but does no damage.
The orc priest mumbles some strange prayers to Beogh against you.
Something smites you!
An adder comes into view.
The crimson imp completely misses you. The slave hits you.
* * * LOW HITPOINT WARNING * * *
The slave hits you but does no damage. The adder bites you but does no damage.
The ogre hits you with a giant club.
* * * LOW HITPOINT WARNING * * *
The orc priest invokes the aid of Beogh against you.
Something smites you!
You die...

.# #######.#
##<......#
.########).......##
........[)#[......#
#######........⌠..#
#..##........#
...##....⌠.>.⌠###
......#.##.p5@....####
..##........pS........
# #...###..pO........
...# #.K$.........
......#.)...##.###
......o......#..#
......#)####+# ##
....o.. .....##


You could see an ogre, 3 slaves, an orc priest, a crimson imp, an adder and a
kobold.

Vanquished Creatures
  Prince Ribbit (D:5)
  A slave (D:5)
  An ogre (D:5)
  6 bog bodies (Ossuary)
  2 centaur zombies (Ossuary)
  A crimson imp (D:5)
  2 orc priests
  2 hounds
  An iguana (D:4)
  A worker ant (D:4)
  2 killer bee zombies (Ossuary)
  3 hound zombies (Ossuary)
  7 mummies (Ossuary)
  2 worker ant zombies
  7 adders
  7 gnolls
  2 worms (D:3)
  An adder zombie (Ossuary)
  An adder skeleton (D:3)
  5 giant geckos
  2 oozes
  9 orcs
  10 bats
  4 bat zombies (Ossuary)
  4 giant cockroaches
  6 hobgoblins
  3 jackals (D:3)
  14 kobolds
  3 quokkas
  2 ball pythons
  A giant cockroach zombie (Ossuary)
  3 giant newts
  8 goblins
  A jackal zombie (Ossuary)
  A quokka skeleton (D:4)
  5 quokka zombies (Ossuary)
  8 rats
139 creatures vanquished.

Vanquished Creatures (others)
  A plant (Ossuary)
1 creature vanquished.

Grand Total: 140 creatures vanquished

Notes
Turn   | Place    | Note
--------------------------------------------------------------
     0 | D:1      | Zugr, the Gargoyle Berserker, began the quest for the Orb.
     0 | D:1      | Reached XP level 1. HP: 14/14 MP: 1/1
   424 | D:1      | Reached XP level 2. HP: 13/19 MP: 2/2
   925 | D:2      | Found a blossoming altar of Fedhas.
   931 | D:2      | Acquired Trog's second power
   933 | D:2      | Found a stormy altar of Qazlal.
  1040 | D:2      | Reached XP level 3. HP: 16/24 MP: 3/3
  1500 | D:2      | Reached skill level 4 in Fighting
  1533 | D:2      | Reached XP level 4. HP: 25/29 MP: 4/4
  2287 | D:3      | Reached XP level 5. HP: 31/34 MP: 5/5
  2965 | D:4      | Reached XP level 6. HP: 35/40 MP: 6/6
  3112 | D:4      | Found a sand-covered staircase.
  3125 | Ossuary  | Entered an ossuary
  3131 | Ossuary  | Reached skill level 5 in Fighting
  3318 | Ossuary  | Reached XP level 7. HP: 31/44 MP: 7/7
  3523 | Ossuary  | Reached skill level 5 in Armour
  3688 | Ossuary  | Reached skill level 5 in Axes
  3934 | Ossuary  | Reached skill level 6 in Fighting
  5219 | D:5      | Entered Level 5 of the Dungeon
  5219 | D:5      | Found a staircase to the Ecumenical Temple.
  5224 | D:5      | Noticed Prince Ribbit
  5234 | D:5      | Reached XP level 8. HP: 52/52 MP: 8/8
  5242 | D:5      | Killed Prince Ribbit
  5525 | Temple   | Entered the Ecumenical Temple
  5615 | D:5      | Reached skill level 7 in Fighting
  5628 | D:5      | Killed from afar by an orc priest

Action                   |  1- 3 |  4- 6 |  7- 9 || total
-------------------------+-------+-------+-------++-------
Melee: Hand axe          |    78 |   170 |   177 ||   425
Invok: Berserk           |     1 |     3 |     2 ||     6
       Trog's Hand       |       |       |     5 ||     5
  Use: Scroll            |     2 |    11 |     1 ||    14
  Eat: Chunk             |     3 |     7 |     1 ||    11
       Bread ration      |       |     1 |     1 ||     2
       Royal jelly       |       |       |     1 ||     1
       Beef jerky        |       |       |     1 ||     1
